 Dungeon Crawl Stone Soup version 0.29-a0-344-ge2f44be95a (webtiles) character file.

Game seed: 2278605124278515662

456 Morbidden the Ruffian (level 6, -1/82 HPs)
             Began as a Troll Air Elementalist on Apr 21, 2022.
             Was a Believer of Vehumet.
             Slain by Duvessa
             ... wielding a +0 short sword
              (5 damage)
             ... on level 4 of the Dungeon.
             The game lasted 00:04:22 (4303 turns).

Morbidden the Ruffian (Troll Air Elementalist)      Turns: 4303, Time: 00:04:22

Health: -1/82      AC: 23    Str: 17    XL:     6   Next: 77%
Magic:  8/8        EV:  1    Int: 13    God:    Vehumet [**....]
Gold:   19         SH:  0    Dex: 10    Spells: 2/9 levels left

rFire   . . .      SeeInvis .     - Unarmed
rCold   . . .      Faith    .   (no shield)
rNeg    . . .      Spirit   .   (body armour currently unavailable)
rPois   +          Reflect  .   (helmet currently unavailable)
rElec   .          Harm     .   (cloak currently unavailable)
rCorr   .          Rampage  .   (gloves unavailable)
Will    .....      NoTele   +   (boots unavailable)
Stlth   +.........              (no amulet)
HPRegen 1.03/turn               (no ring)
MPRegen 0.11/turn               (no ring)

@: brilliant, tree-form
A: stationary, stasis, torment immunity, boosted hp, large, unfitting armour,
(claws 3), regeneration 1, (shaggy fur 1), (tough skin 1)
a: Renounce Religion


You were on level 4 of the Dungeon.
You worshipped Vehumet.
Vehumet was pleased with you.
You were a tree.
You visited 2 branches of the dungeon, and saw 5 of its levels.

You collected 157 gold pieces.
You spent 138 gold pieces at shops.

Inventory:

Missiles
 e - 2 large rocks (quivered)
 i - 6 poisoned darts
Armour
 a - a +1 robe (melded)
Jewellery
 w - an amulet of the acrobat
Wands
 g - a wand of acid (6)
 h - a wand of digging (5)
Scrolls
 d - 2 scrolls of teleportation
 f - a scroll of summoning
 s - a scroll of fear
Potions
 b - 2 potions of magic
 c - a potion of lignification
 j - a potion of ambrosia {unknown}
 k - a potion of brilliance
 l - a potion of degeneration {unknown}
 m - a potion of curing {unknown}
 n - a potion of mutation {unknown}
 o - 2 potions of haste
 p - a potion of might {unknown}
 q - a potion of flight {unknown}
 v - a potion of attraction {unknown}


   Skills:
 * Level 1.2 Fighting
 * Level 2.5 Dodging
 + Level 1.1 Stealth
 * Level 2.9 Unarmed Combat
 * Level 2.3 Spellcasting
 * Level 1.8 Conjurations
 * Level 2.5 Air Magic
 * Level 1.4 Evocations


You had 2 spell levels left.
You knew the following spells:

 Your Spells              Type           Power      Damage    Failure   Level
a - Shock                 Conj/Air       44%        1d5       10%         1
b - Static Discharge      Conj/Air       11%        N/A       16%         2
c - Airstrike             Air            6%         N/A       63%         4

Your spell library contained the following spells:

 Spells                   Type           Power      Damage    Failure   Level
 Scorch                   Fire           4%         2d5       36%         2
 Swiftness                Air            12%        N/A       26%         3
 Iskenderun's Battlesphe  Conj           9%         2d6       97%         5
 Iron Shot                Conj/Erth      2%         9d2       100%        6
 Spellforged Servitor     Conj/Summ      2%         N/A       100%        7


Dungeon Overview and Level Annotations

Branches:
Dungeon (4/15)             Temple (1/1) D:4

Altars:
Ashenzari
Cheibriados
Dithmenos
Fedhas
Gozag
Hepliaklqana
Makhleb
Nemelex Xobeh
Okawaru
Qazlal
Ru
Sif Muna
Trog
Uskayaw
Vehumet
Wu Jian
Xom
Yredelemnul
Zin
The Shining One

Shops:
D:3 (   D:4 *

Annotations:
D:4 Duvessa


Innate Abilities, Weirdness & Mutations

You are a tree.
Your roots penetrate the ground, keeping you stationary.
You cannot be teleported.
You are immune to unholy pain and torment.
Your maximum health is greatly increased.
Your equipment is partially melded.
You are too large for most types of armour.
((You have claws for hands.))
Your natural rate of healing is unusually fast.
((You are covered in fur. (AC +1)))
((You have tough skin. (AC +1)))


Message History

Your jackal dissolves into shadows!
Your jackal bites Duvessa.
Your jackal bites Duvessa but does no damage.
Duvessa hits you but does no damage.
Your quokka barely misses Duvessa.
Your jackal bites Duvessa.
Your jackal completely misses Duvessa.
Your jackal bites Duvessa but does no damage.
You barely miss Duvessa.
Duvessa is lightly wounded.
Duvessa hits you with a +0 short sword.
* * * LOW HITPOINT WARNING * * *
Your jackal barely misses Duvessa.
Your quokka bites Duvessa but does no damage.
Your jackal bites Duvessa but does no damage.
Your jackal barely misses Duvessa.
Unknown command.
Unknown command.
You claw Duvessa!
Duvessa is moderately wounded.
Duvessa hits you with a +0 short sword.
* * * LOW HITPOINT WARNING * * *
Your jackal bites Duvessa but does no damage.
Your quokka bites Duvessa.
Your jackal bites Duvessa but does no damage. x2
Duvessa hits you with a +0 short sword!
* * * LOW HITPOINT WARNING * * *
Unknown command.
Unknown command.
Unknown command.
It was a potion of lignification.
You turn into a tree.
Your +1 robe melds into your body.
Your roots penetrate the ground.
Your jackal bites Duvessa.
Your jackal bites Duvessa but does no damage. x2
Duvessa hits you with a +0 short sword.
* * * LOW HITPOINT WARNING * * *
Your quokka bites Duvessa.
Your jackal barely misses Duvessa. x2
Unknown command.
It was a potion of brilliance.
You feel clever all of a sudden. Duvessa hits you with a +0 short sword.
You die...

##### ....#
#......# ....#
#......# ....#
#......# ....#
#......# ....#
#......# #....#
....# #......#
#....# ....#
#..her.# #....#
##### #hh♣.# #....#
# #....# #....# ##
#....# #....#####.
#^...# #....#.....
#....# #....'...+.
#....# #....#...##
#############....#
#....######
##...##..#..#.....#
##'##....>.
.#...#......+.....#
#...#......


You could see Duvessa (berserk, fast, ally target), a friendly quokka (summoned)
and 3 friendly jackals.

Vanquished Creatures
  A bullfrog (D:3)
  A scorpion (D:4)
  2 hounds (D:4)
  3 iguanas (D:4)
  A gnoll (D:2)
  7 adders
  A worm (D:2)
  A dart slug (D:1)
  3 bats
  10 endoplasms
  2 giant cockroaches
  10 hobgoblins
  2 jackals (D:2)
  5 quokkas
  9 ball pythons
  3 frilled lizards
  4 goblins
  6 kobolds
  6 rats
77 creatures vanquished.

Vanquished Creatures (collateral kills)
  Dowan (D:4)
1 creature vanquished.

Grand Total: 78 creatures vanquished

Notes
Turn   | Place    | Note
-------+----------+-------------------------------------------
     0 | D:1      | Morbidden the Troll Air Elementalist began the quest for
                  | the Orb.
     0 | D:1      | Reached XP level 1. HP: 16/16 MP: 1/1
   136 | D:1      | Reached XP level 2. HP: 24/24 MP: 3/3
   748 | D:2      | Found a radiant altar of Vehumet.
   768 | D:2      | Became a worshipper of Vehumet
   772 | D:2      | Learned a level 2 spell: Static Discharge
   974 | D:2      | Reached XP level 3. HP: 32/32 MP: 4/4
   982 | D:2      | Reached skill level 1 in Unarmed Combat
  1191 | D:2      | Reached skill level 1 in Conjurations
  1323 | D:2      | Reached * piety under Vehumet
  1323 | D:2      | Offered knowledge of Sandblast by Vehumet.
  1324 | D:2      | Reached XP level 4. HP: 40/40 MP: 0/5
  1959 | D:3      | Found Vuhoer's Antique Weapon Emporium.
  2081 | D:3      | Noticed a bullfrog
  2087 | D:3      | Killed a bullfrog
  2088 | D:3      | Reached skill level 1 in Evocations
  2088 | D:3      | Reached XP level 5. HP: 45/46 MP: 4/6
  2373 | D:3      | Found a faded altar of an unknown god.
  2403 | D:3      | Got Plato's Compendium of Arcane Weapons
  2900 | D:3      | Learned a level 4 spell: Airstrike
  3119 | D:4      | Reached XP level 6. HP: 42/54 MP: 8/8
  3130 | D:4      | Reached skill level 1 in Fighting
  3535 | D:4      | Found an opulent altar of Gozag.
  3658 | D:4      | Found a staircase to the Ecumenical Temple.
  3713 | D:4      | Reached ** piety under Vehumet
  3730 | D:4      | Found Quecw's CLEARANCE SALE!.
  3738 | D:4      | Bought a scroll of teleportation for 18 gold pieces
  3738 | D:4      | Bought 2 potions of haste for 120 gold pieces
  3774 | Temple   | Entered the Ecumenical Temple
  4286 | D:4      | Offered knowledge of Scorch by Vehumet.
  4287 | D:4      | Noticed Dowan
  4288 | D:4      | Noticed Duvessa
  4297 | D:4      | Killed Dowan
  4302 | D:4      | HP: 3/82 [Duvessa/+0 short sword (3)]
  4303 | D:4      | Slain by Duvessa

Illustrated notes

Levels and vault maps discovered:
D:1:      shiori_shiawase, layout_basic
D:2:      minmay_razor_zed, layout_loops_ring, basic_altar, minmay_tetromino_l2
D:3:      layout_basic, shapermc_ecumenical_altar_rom_forum, serial_shops,
          nicolae_diamond_shop
D:4:      layout_gridville, mainiacjoe_overflow_boulevard,
          minmay_temple_entry_glassed_door, nicolae_zen_rock_garden, hex_tiny,
          nicolae_shop_clearance, uniq_duvessa
Temple:   mainiacjoe_temple_bowtie_tessellation

Skill      XL: |  1  2  3  4  5  6 |
---------------+-------------------+-----
Unarmed Combat | 1 2 |  2.9
Conjurations   | 1 |  1.8
Dodging        | 2 |  2.5
Evocations     | 1 |  1.4
Spellcasting   | 2 |  2.3
Fighting       | 1 |  1.2
Stealth        | |  1.1
Air Magic      | |  2.5

Action                   |  1- 3 |  4- 6 || total
-------------------------+-------+-------++-------
Melee: Unarmed           |   110 |   107 ||   217
       Punch             |     1 |     2 ||     3
 Cast: Shock             |    12 |    57 ||    69
       Static Discharge  |       |     4 ||     4
  Use: Scroll            |     1 |     7 ||     8
       Potion            |       |     2 ||     2
 Stab: Sleeping          |       |     1 ||     1
Armor: Robe              |    45 |    49 ||    94
Dodge: Dodged            |    43 |    71 ||   114

Table legend: (Time is in decaauts)
 A = Elapsed time spent in this place.
 B = Non-inter-level travel time spent in this place.
 C = Inter-level travel time spent in this place.
 D = Time resting spent in this place.
 E = Time spent auto-exploring this place.
 F = Levels seen in this place.
 G = Mean time per level.
                   A        B        C        D        E       F      G
               +--------+--------+--------+--------+--------+-----+--------+
         Total |   4296 |   4133 |    163 |     39 |   3472 |   5 |  859.2 |
       Dungeon |   4050 |   3917 |    133 |     39 |   3269 |   4 | 1012.5 |
        Temple |    245 |    215 |     30 |      0 |    203 |   1 |  245.0 |
               +--------+--------+--------+--------+--------+-----+--------+

Top non-repeatable levels by time:
     D:2: 1228 daAuts
     D:4: 1050 daAuts
     D:3: 1044 daAuts
     D:1: 726 daAuts
  Temple: 245 daAuts
